 Dungeon Crawl Stone Soup version 0.29-a0-393-g47a863cc1b (webtiles) character file.

Game seed: 16363737476541994930

1089 HendSelp the Thaumaturge (level 8, -6/41 HPs)
             Began as a Deep Elf Conjurer on May 10, 2022.
             Mangled by a gnoll sergeant
             ... wielding a +2 vorpal spear
              (9 damage)
             ... on level 5 of the Dungeon.
             The game lasted 00:09:18 (5942 turns).

HendSelp the Thaumaturge (Deep Elf Conjurer)        Turns: 5942, Time: 00:09:18

Health: -6/41      AC:  3    Str:  4    XL:     8   Next: 9%
Magic:  13/23      EV: 13    Int: 26    God:
Gold:   235        SH:  5    Dex: 13    Spells: 18/25 levels left

rFire   . . .      SeeInvis +   (no weapon)
rCold   . . .      Faith    .   (no shield)
rNeg    . . .      Spirit   .   a - +0 robe
rPois   .          Reflect  +   n - +0 hat
rElec   .          Harm     .   l - +0 cloak {Will+}
rCorr   .          Rampage  .   (no gloves)
Will    +....                   (no boots)
Stlth   ++........              i - amulet of reflection
HPRegen 0.13/turn               g - ring of see invisible
MPRegen 0.18/turn               (no ring)

@: no status effects
A: no striking features
a: no special abilities


You were on level 5 of the Dungeon.
You visited 1 branch of the dungeon, and saw 5 of its levels.

You collected 235 gold pieces.

Inventory:

Armour
 a - a +0 robe (worn)
 l - a +0 cloak of willpower (worn)
 n - a +0 hat (worn)
Jewellery
 g - a ring of see invisible (left hand)
 i - an amulet of reflection (around neck)
 k - the ring of Roifokh {Fire Stlth+}
   (You found it on level 5 of the Dungeon)

   [ring of fire]

   It enhances your fire magic.
   rF:        It protects you from fire.
   rC:        It makes you vulnerable to cold.
   Stlth:     It makes you more stealthy.
Scrolls
 m - a scroll of magic mapping
Potions
 b - a potion of might {unknown}
 c - 3 potions of curing
 d - 2 potions of cancellation {unknown}
 e - 2 potions of brilliance
 f - a potion of attraction {unknown}
 h - a potion of degeneration {unknown}
 j - a potion of lignification {unknown}


   Skills:
 + Level 3.7 Dodging
 - Level 2.4 Stealth
 + Level 9.3 Spellcasting
 + Level 8.2 Conjurations


You had 18 spell levels left.
You knew the following spells:

 Your Spells              Type           Power      Damage    Failure   Level
a - Magic Dart            Conj           100%       1d8       1%          1
b - Searing Ray           Conj           100%       2d8       1%          2
c - Iskenderun's Mystic   Conj/Tloc      33%        2d8       9%          4

Your spell library contained the following spells:

 Spells                   Type           Power      Damage    Failure   Level
 Conjure Flame            Conj/Fire      33%        6-21      2%          3
 Dazzling Flash           Conj/Hex       66%        N/A       2%          3
 Sting                    Tmut/Pois      48%        1d5       4%          1
 Poisonous Vapours        Pois/Air       24%        N/A       8%          2
 Fulminant Prism          Conj/Hex       16%        3d11      9%          4
 Sticky Flame             Conj/Fire      33%        2d5       9%          4
 Ignite Poison            Fire/Tmut/Pois 12%        N/A       16%         3
 Olgreb's Toxic Radiance  Pois           12%        N/A       45%         4


Dungeon Overview and Level Annotations

Branches:
Dungeon (5/15)             Temple (0/1) D:4

Altars:

Shops:
D:1 (   D:2 :   D:3 *   D:5 *

Annotations:
D:4 2 transporters, quokkamancerX's ghost, novice GrEE


Message History

A gnoll sergeant comes into view. It is wielding a +2 vorpal spear.
The magic dart hits the gnoll sergeant but does no damage.
The gnoll sergeant shouts!
You hear a shout!
The magic dart hits the gnoll sergeant.
The gnoll sergeant is lightly wounded.
The magic dart hits the gnoll sergeant but does no damage.
The gnoll sergeant is lightly wounded.
You can't see any susceptible monsters within range! (Use Z to cast anyway.)
You can't see any susceptible monsters within range! (Use Z to cast anyway.)
You can't see any susceptible monsters within range! (Use Z to cast anyway.)
You can't see any susceptible monsters within range! (Use Z to cast anyway.) Unknown command.
A gnoll sergeant is nearby!
The magic dart hits the gnoll sergeant.
The gnoll sergeant is lightly wounded.
Casting: Magic Dart (safe; 1% risk of failure)
Confirm with . or Enter, or press ? or * to list all spells.
Aiming: Searing Ray (safe; 1% risk of failure)
Press: ? - help, Shift-Dir - straight line, f/p - gnoll sergeant
Aim: a gnoll sergeant, wielding a +2 vorpal spear and wearing a +0 ring mail (lightly wounded, 87% to hit)
The searing ray hits the gnoll sergeant.
The gnoll sergeant is moderately wounded. (Press . to maintain the ray.)
The gnoll sergeant hits you from afar with a +2 vorpal spear.
Unknown command.
The searing ray hits the gnoll sergeant!
The gnoll sergeant is severely wounded.
The gnoll sergeant completely misses you.
Unknown command.
Unknown command.
The searing ray hits the gnoll sergeant!
The gnoll sergeant is almost dead.
The gnoll sergeant hits you from afar with a +2 vorpal spear!
* * * LOW HITPOINT WARNING * * *
x2 Unknown command.
The searing ray hits the gnoll sergeant.
The gnoll sergeant is almost dead.
You finish channelling your searing ray.
The gnoll sergeant hits you from afar with a +2 vorpal spear!
You die...

##....................#..)..)....
.............<...#'#............
.................#∩#............
................#+#........)...
........................
........................
........................
........###.............
.......@# ###...........
...####†# ##.......... .# #g#
............ #). ##.......... #..
#......... ##[. ... .. ...


You could see a gnoll sergeant.

Vanquished Creatures
  Sigmund (D:3)
  A kobold brigand (D:3)
  A gnoll sergeant (D:5)
  6 hounds
  2 gnoll shamans (D:3)
  Crazy Yiuf (D:3)
  Jessica (D:3)
  An iguana (D:4)
  3 orc wizards
  3 adders
  19 gnolls
  A shadow imp (D:5)
  2 worms (D:3)
  A dart slug (D:1)
  42 orcs
  7 ball pythons
  10 endoplasms
  3 giant cockroaches
  7 goblins
  6 hobgoblins
  19 jackals
  4 quokkas
  4 bats
  2 frilled lizards (D:1)
  A kobold (D:4)
  4 rats
152 creatures vanquished.

Vanquished Creatures (others)
  8 plants
8 creatures vanquished.

Grand Total: 160 creatures vanquished

Notes
Turn   | Place    | Note
-------+----------+-------------------------------------------
     0 | D:1      | HendSelp the Deep Elf Conjurer began the quest for the Orb.
     0 | D:1      | Reached XP level 1. HP: 10/10 MP: 6/6
   147 | D:1      | Reached XP level 2. HP: 14/15 MP: 4/8
   324 | D:1      | Found a faded altar of an unknown god.
   441 | D:1      | Found Mempufru's Weapon Emporium.
   479 | D:1      | Reached skill level 5 in Conjurations
  1068 | D:2      | Reached XP level 3. HP: 12/19 MP: 5/10
  1188 | D:1      | Learned a level 2 spell: Searing Ray
  1302 | D:2      | Found Fajoat's Book Boutique.
  1580 | D:2      | Reached skill level 4 in Spellcasting
  1917 | D:3      | Reached XP level 4. HP: 24/24 MP: 10/12
  2284 | D:3      | Reached skill level 5 in Spellcasting
  2451 | D:3      | Reached XP level 5. HP: 28/28 MP: 10/14
  2519 | D:3      | Noticed Sigmund
  2527 | D:3      | Killed Sigmund
  2528 | D:3      | Reached skill level 6 in Spellcasting
  2528 | D:3      | Reached XP level 6. HP: 28/32 MP: 5/17
  3079 | D:3      | Noticed Jessica
  3081 | D:3      | Killed Jessica
  3082 | D:3      | Reached skill level 7 in Spellcasting
  3105 | D:3      | Found a runed translucent door.
  3106 | D:3      | Noticed Crazy Yiuf
  3336 | D:3      | Found Jibockon's General Store.
  3736 | D:3      | Reached XP level 7. HP: 25/36 MP: 2/19
  4292 | D:3      | Learned a level 4 spell: Iskenderun's Mystic Blast
  4297 | D:3      | Killed Crazy Yiuf
  4298 | D:3      | Reached skill level 8 in Spellcasting
  4851 | D:4      | Found a transporter.
  4988 | D:4      | Found a transporter.
  4999 | D:4      | Noticed quokkamancerX's ghost (novice GrEE)
  5029 | D:4      | Found a staircase to the Ecumenical Temple.
  5296 | D:5      | Entered Level 5 of the Dungeon
  5422 | D:5      | Identified the ring of Roifokh {Fire Stlth+}
  5712 | D:5      | Found Qomp's Assorted Antiques.
  5812 | D:5      | Reached skill level 9 in Spellcasting
  5831 | D:5      | Reached XP level 8. HP: 11/41 MP: 13/23
  5942 | D:5      | Mangled by a gnoll sergeant

Illustrated notes

Levels and vault maps discovered:
D:1:      dpeg_arrival_shrine, layout_basic, serial_shops, shop,
          shapermc_ecumenical_altar_ellora
D:2:      layout_rooms, serial_shops, nicolae_shop_statue_plus,
          guppyfry_early_lair_pool
D:3:      lemuel_castle_with_subvaults [lemuel_castle_interior_carwin_1],
          layout_loops_cross, serial_shops, shop, uniq_sigmund,
          uniq_crazy_yiuf_cottage, uniq_jessica
D:4:      layout_rooms, minmay_temple_entry_drinking_statues,
          gammafunk_ghost_gnarly_gnolls, minmay_misc_feat_rugged,
          chequers_serial_rivers_small_3
D:5:      layout_cave_pods, serial_gnoll_camp, gnoll_camp_mini_basic,
          gnoll_camp_huts_basic, gnoll_camp_mini_hut, gnoll_camp_mini_house,
          serial_shops, kennysheep_mini_moat

Skill      XL: |  1  2  3  4  5  6  7 |
---------------+----------------------+-----
Conjurations   | 5 6 7 8 |  8.2
Spellcasting   | 4 5 6 7 9 |  9.3
Dodging        | 3 |  3.7
Stealth        | |  2.4

Action                   |  1- 3 |  4- 6 |  7- 9 || total
-------------------------+-------+-------+-------++-------
 Cast: Magic Dart        |    77 |   158 |   169 ||   404
       Searing Ray       |       |     4 |     8 ||    12
       Iskenderun's Myst |       |       |     2 ||     2
  Use: Scroll            |     4 |     1 |     2 ||     7
       Potion            |       |     1 |     3 ||     4
Armor: Robe              |     3 |     5 |     4 ||    12
Dodge: Dodged            |     5 |    25 |    11 ||    41
Block: Other             |       |       |     9 ||     9
       Reflection        |       |       |     1 ||     1

Table legend: (Time is in decaauts)
 A = Elapsed time spent in this place.
 B = Non-inter-level travel time spent in this place.
 C = Inter-level travel time spent in this place.
 D = Time resting spent in this place.
 E = Time spent auto-exploring this place.
 F = Levels seen in this place.
 G = Mean time per level.
                   A        B        C        D        E       F      G
               +--------+--------+--------+--------+--------+-----+--------+
         Total |   5964 |   5818 |    146 |    368 |   4653 |   5 | 1192.8 |
       Dungeon |   5964 |   5818 |    146 |    368 |   4653 |   5 | 1192.8 |
               +--------+--------+--------+--------+--------+-----+--------+

Top non-repeatable levels by time:
     D:3: 2776 daAuts
     D:1: 1185 daAuts
     D:4: 725 daAuts
     D:5: 645 daAuts
     D:2: 629 daAuts
